 Dungeon Crawl Stone Soup version 0.24-a0-584-g9d6b971ae4 (webtiles) character file.

Game seed: 16440456164833622054, levelgen mode: deterministic

270 GameOver the Conjurer (level 6, -2/49 HPs)
             Began as a Naga Wizard on Aug 30, 2019.
             Slain by a gnoll
             ... wielding a +0 spear
              (6 damage)
             ... on level 4 of the Dungeon.
             The game lasted 00:13:32 (2498 turns).

GameOver the Conjurer (Naga Wizard)                 Turns: 2498, Time: 00:13:33

Health: -2/49      AC:  4    Str:  7 (9)  XL:     6   Next: 22%
Magic:  4/10       EV:  9    Int: 19 (20) God:
Gold:   131        SH:  0    Dex:  8 (10) Spells: 2/11 levels left

rFire    . . .     SeeInvis +   e - +0 whip
rCold    . . .     Gourm    .   (no shield)
rNeg     . . .     Faith    .   a - +0 robe
rPois    +         Spirit   .   b - +0 hat
rElec    .         Reflect  .   (no cloak)
rCorr    .         Harm     .   p - +0 pair of gloves
MR       .....                  (no barding)
Stlth    ++........             (no amulet)
HPRegen  0.16/turn              (no ring)
MPRegen  0.12/turn              (no ring)

@: short of breath, very slightly contaminated, very slow
A: large, see invisible, deformed body, poison resistance, slowness 2, slow
metabolism 1, spit poison 1, AC +2
a: Spit Poison


You were on level 4 of the Dungeon.
You were hungry.

You visited 1 branch of the dungeon, and saw 4 of its levels.

You collected 131 gold pieces.

Inventory:

Hand Weapons
 c - a +0 club
 e - a +0 whip (weapon)
 q - a +0 hunting sling
 s - a +0 trident
Missiles
 f - 10 boomerangs (quivered)
 u - 8 datura-tipped darts
Armour
 a - a +0 robe (worn)
 b - a +0 hat (worn)
 k - a +1 ring mail of poison resistance
 p - a +0 pair of gloves (worn)
Jewellery
 l - an uncursed ring of magical power {unknown}
Wands
 g - a wand of digging (3)
Scrolls
 h - 3 scrolls of enchant weapon {unknown}
 i - 5 scrolls of remove curse {unknown}
 j - 2 scrolls of teleportation {unknown}
 o - 2 scrolls of noise {unknown}
 r - 2 scrolls of identify {unknown}
 t - 2 scrolls of random uselessness {unknown}
Potions
 m - 3 potions of invisibility
 n - a potion of degeneration
Comestibles
 d - 9 rations
 w - 3 chunks of flesh


   Skills:
 - Level 1.5 Dodging
 + Level 3.1 Stealth
 + Level 3.0 Spellcasting
 + Level 6.0 Conjurations
   Level 1.0 Summonings
 * Level 1.1 Translocations
 + Level 0.1 Poison Magic


You had 2 spell levels left.
You knew the following spells:

 Your Spells              Type           Power        Failure   Level  Hunger
a - Magic Dart            Conj           ####         1%          1    None
b - Blink                 Tloc           N/A          14%         2    ##.....
d - Mephitic Cloud        Conj/Pois/Air  ##......     21%         3    ###....
f - Conjure Flame         Conj/Fire      ##......     13%         3    ###....

Your spell library contained the following spells:

 Spells                   Type           Power        Failure   Level  Hunger
 Searing Ray              Conj           ####..       1%          2    ##.....
 Call Imp                 Summ           #.......     16%         2    ##.....
 Slow                     Hex            #.......     22%         2    ##.....
 Dazzling Spray           Conj/Hex       ##....       13%         3    ###....
 Iskenderun's Mystic Bla  Conj           ####....     13%         4    ####...
 Force Lance              Conj/Tloc      ###.....     34%         4    ####...
 Fulminant Prism          Conj/Hex       ##........   41%         4    ####...


Dungeon Overview and Level Annotations

Branches:
Dungeon (4/15)
 Temple: D:4-7

Altars:
Ashenzari
Cheibriados
Vehumet


Innate Abilities, Weirdness & Mutations

You cannot wear boots.
Your serpentine skin is tough. (AC +2)
You have supernaturally acute eyesight. (SInv)
Armour fits poorly on your strangely shaped body.
Your system is resistant to poisons. (rPois)
You cover ground very slowly.
You have a slow metabolism.
You can spit poison.


Message History

You have got your breath back.
Press: ? - help, Shift-Dir - straight line, f/p - gnoll
Aim: a gnoll (lightly wounded)
The splash of poison hits the gnoll.
You kill the gnoll!
You are feeling hungry.
You have got your breath back.
The gnoll barely misses you.
Press: ? - help, Shift-Dir - straight line, f/p - gnoll
Aim: a gnoll The splash of poison hits the gnoll but does no damage.
The gnoll is poisoned.
You feel slightly more hungry.
The gnoll hits you from afar with a +0 spear!
* * * LOW HITPOINT WARNING * * *
The gnoll hits you.
* * * LOW HITPOINT WARNING * * *
The gnoll hits you.
* * * LOW HITPOINT WARNING * * *
The gnoll hits you from afar with a +0 spear.
You die...

##################
..............gg.#
################@#
#.# #.# #.###
#...# ###.# #.#
#.# #.#


You could see 2 gnolls.

Vanquished Creatures
  An orc wizard (D:4)
  An orc priest (D:4)
  Ijyb (D:3)
  A worker ant zombie (D:2)
  2 adders
  6 gnolls
  A shadow imp (D:4)
  An ooze (D:3)
  3 worms (D:2)
  2 dart slugs (D:1)
  A leopard gecko (D:1)
  7 orcs
  A giant cockroach (D:2)
  6 goblins
  2 hobgoblins (D:3)
  6 jackals
  A quokka (D:3)
  5 bats
  4 frilled lizards
  3 kobolds
  10 rats
65 creatures vanquished.

Vanquished Creatures (others)
  An orc wizard (D:4)
1 creature vanquished.

Grand Total: 66 creatures vanquished

Notes
Turn   | Place    | Note
-------+----------+-------------------------------------------
     0 | D:1      | GameOver the Naga Wizard began the quest for the Orb.
     0 | D:1      | Reached XP level 1. HP: 15/15 MP: 4/4
    76 | D:1      | Reached skill level 2 in Conjurations
    76 | D:1      | Reached XP level 2. HP: 13/22 MP: 0/6
   713 | D:2      | Reached skill level 3 in Conjurations
   713 | D:2      | Reached XP level 3. HP: 16/28 MP: 1/7
  1085 | D:2      | Reached XP level 4. HP: 34/36 MP: 6/8
  1124 | D:2      | Learned a level 2 spell: Blink
  1128 | D:2      | Learned a level 3 spell: Mephitic Cloud
  1132 | D:2      | Learned a level 3 spell: Conjure Flame
  1354 | D:2      | Found a radiant altar of Vehumet.
  1417 | D:3      | Reached skill level 4 in Conjurations
  1737 | D:3      | Reached XP level 5. HP: 33/42 MP: 3/9
  1956 | D:3      | Found a shattered altar of Ashenzari.
  1959 | D:3      | Found a snail-covered altar of Cheibriados.
  2092 | D:3      | Noticed Ijyb
  2117 | D:3      | Killed Ijyb
  2117 | D:3      | Reached skill level 5 in Conjurations
  2449 | D:4      | Reached XP level 6. HP: 46/49 MP: 4/10
  2453 | D:4      | Reached skill level 6 in Conjurations
  2498 | D:4      | Slain by a gnoll

Levels and vault maps discovered:
D:1:      minmay_arrival_open_corners, layout_loops_ring
D:2:      layout_loops_ring, marbit_many_paths, first_ration
D:3:      layout_basic, grunt_temple_overflow_open, uniq_ijyb
D:4:      layout_basic, serial_shops, nicolae_shop_statue_plus, kennysheep_nub,
          kennysheep_potato

Skill      XL: |  1  2  3  4  5  6 |
---------------+-------------------+-----
Conjurations   | 2 3 4 5 6 |  6.0
Dodging        | |  1.5
Stealth        | |  3.1
Spellcasting   | |  3.0
Summonings     | |  1.0
Translocations | |  1.1
Poison Magic   | |  0.1

Action                   |  1- 3 |  4- 6 || total
-------------------------+-------+-------++-------
Melee: Dagger            |     1 |       ||     1
       Whip              |       |    33 ||    33
 Cast: Magic Dart        |    28 |    41 ||    69
       Mephitic Cloud    |       |     5 ||     5
 Abil: Spit Poison       |    48 |    34 ||    82
  Use: Potion            |     1 |     3 ||     4
 Stab: Confused          |       |     3 ||     3
  Eat: Chunk             |     3 |     6 ||     9
Armor: Robe              |     2 |     9 ||    11
Dodge: Dodged            |     9 |    19 ||    28

Table legend:
 A = Non-vault XP
 B = Vault XP
 C = Vault XP percentage of total XP
 D = Non-vault monster count
 E = Vault monster count
 F = Vault count percentage of total count
                 A         B        C        D         E       F
            +---------+---------+-------+---------+---------+-------
      Total |     346 |      41 |  10.6 |      64 |       2 |   3.0
            +---------+---------+-------+---------+---------+-------
        D:1 |      28 |       0 |   0.0 |      16 |       0 |   0.0
        D:2 |      66 |       5 |   7.0 |      20 |       1 |   4.8
        D:3 |     102 |      36 |  26.1 |      21 |       1 |   4.5
        D:4 |     150 |       0 |   0.0 |       7 |       0 |   0.0
            +---------+---------+-------+---------+---------+-------
